 Dungeon Crawl Stone Soup version 0.32-a0-132-g2d33c3cfaf (webtiles) character file.

Game seed: 7584072534189945425

369 hipposaver the Magician (level 7, -3/50 HPs)
             Began as a Djinni Conjurer on Feb 10, 2024.
             Slain by a lemure (8 damage)
             ... led by Pikel
             ... on level 5 of the Dungeon.
             The game lasted 00:08:31 (4222 turns).

hipposaver the Magician (Djinni Conjurer)           Turns: 4222, Time: 00:08:31

Health: -3/50      AC:  2    Str:  6    XL:     7   Next: 1%
Gold:   180        EV: 12    Int: 21    God:
                   SH:  0    Dex: 12

rFire   + + .        p - +7 whip of the Neverending Youths {flame, Fly Stlth+}
rCold   x . .        (no shield)
rNeg    . . .        a - +0 robe
rPois   ∞            (no helmet)
rElec   .            (no cloak)
rCorr   .            (no gloves)
SInv    .            (boots unavailable)
Will    +....        (no amulet)
Stlth   +++          (no ring)
HPRegen 0.28/turn    (no ring)
MPRegen 0.00/turn

%: infuse magic (-4 HP)
@: mighty, brilliant, on berserk cooldown, attractive, enlightened, flying,
slowed, very slow
A: sickness immunity, fire resistance 2, cold vulnerability 1, float, innate
caster, HP casting, extra vitality 1
a: no special abilities


You were on level 5 of the Dungeon.
You visited 1 branch of the dungeon, and saw 5 of its levels.

You collected 180 gold pieces.

Inventory:

Hand Weapons
 p - the +7 whip of the Neverending Youths (weapon) {flame, Fly Stlth+}
   (You found it on level 4 of the Dungeon)

   Fly:       It grants you flight.
   Stlth+:    It makes you more stealthy.
Armour
 a - a +0 robe (worn)
Jewellery
 d - a +5 ring of evasion
 e - an amulet of faith
Wands
 k - a wand of iceblast (5)
Scrolls
 n - 2 scrolls of identify
Potions
 f - 2 potions of degeneration
 h - a potion of brilliance
 j - a potion of curing
 m - a potion of heal wounds {unknown}
 o - a potion of attraction


   Skills:
 + Level 3.5 Fighting
 + Level 3.4 Armour
 - Level 2.3 Dodging
 - Level 1.5 Stealth
 + Level 4.6 Spellcasting
 + Level 4.6 Conjurations
 + Level 4.6 Hexes
 + Level 4.6 Summonings
 + Level 4.6 Necromancy
 + Level 4.6 Translocations
 + Level 4.6 Fire Magic
 + Level 4.6 Ice Magic
 + Level 4.6 Air Magic
 + Level 4.6 Earth Magic
 + Level 4.6 Alchemy


You knew the following spells:

 Your Spells              Type           Power      Damage    Failure   Level
a - Magic Dart            Conj           100%       1d8       1%          1
b - Searing Ray           Conj           72%        2d7       2%          2
c - Fulminant Prism       Conj/Alch      18%        3d11      17%         4
d - Iskenderun's Mystic   Conj/Tloc      36%        2d9       17%         4
e - Apportation           Tloc           72%        N/A       1%          1
f - Scorch                Fire           72%        2d8       2%          2
g - Teleport Other        Tloc           36%        N/A       4%          3
Your spell library was empty.

Dungeon Overview and Level Annotations

Branches:
Dungeon (4/15)
 Temple: D:4-7

Altars:
Ru

Shops:
D:2 !

Annotations:
D:4 exclusion: statue
D:5 Pikel


Innate Abilities, Weirdness & Mutations

You are immune to sickness and miasma.
You are immune to poison.
Your flesh is very heat resistant. (rF++)
You are vulnerable to cold. (rC-)
You float through the air rather than walking.
You learn spells naturally, not from books.
Your magical power is your life essence.
You have superior vitality. (+4 MHP)


Message History

You miss the ufetubus. The ufetubus barely misses you.
The ufetubus closely misses you. Pikel is attracted toward you.
You whack the ufetubus! You burn the ufetubus.
You kill the ufetubus!
Pikel misses you. Pikel is attracted toward you.
You bump into the rock wall.
You feel a strong urge to attack something.
Pikel hits you with a +0 whip of freezing.
Pikel freezes you. The phantom barely misses you.
You bump into the rock wall.
The phantom hits you.
The phantom blinks!
You blink.
A lemure comes into view.
Pikel waves his whip at you. The lemure is attracted toward you.
The centaur is attracted toward you.
You bump into the rock wall.
You feel your anger nearly subside.
You are no longer berserk.
You are exhausted.
You feel yourself slow down.
The centaur shouts!
You hear a shout!
The lemure is attracted toward you.
You feel less invigorated.
You feel less confused. The lemure hits you. The lemure barely misses you.
The phantom hits you but does no damage.
A lemure comes into view.
An orc comes into view. It is wielding a +0 dagger.
Pikel is attracted toward you. The lemure is attracted toward you.
The orc is attracted toward you.
An orc comes into view. It is wielding a +0 club.
A lemure comes into view.
The lemure hits you. The lemure attacks as it pursues you! The lemure hits you!
The lemure closely misses you. The lemure barely misses you.
The lemure moves out of view.
The orc is attracted toward you. The lemure attacks as it pursues you!
The lemure hits you.
* * * LOW HITPOINT WARNING * * *
The lemure hits you.
* * * LOW HITPOINT WARNING * * *
You reach down and open the door.
The lemure hits you!
You die...

#.......#
#......§####
#....§..'..#
#.......##.#####
..§....o##c†§..#
.K####.5oW####§#
####5# #.# #5#
#.# #@# #.# #'#
#+# ... #....
#..... #?.....
+.......
#........


You could see 2 lemures, a phantom, a centaur and an orc.

Vanquished Creatures
  A phantom (D:4)
  An orc priest (D:3)
  A hound (D:4)
  A sleepcap (D:4)
  An orc wizard (D:3)
  7 gnolls
  4 adders
  An ufetubus (D:5)
  A ribbon worm (D:4)
  A dart slug (D:1)
  2 orcs (D:3)
  4 ball pythons
  8 bats
  4 endoplasms
  2 giant cockroaches
  5 goblins
  4 hobgoblins
  3 jackals (D:4)
  5 kobolds
  8 quokkas
  8 frilled lizards
  3 rats
75 creatures vanquished.

Notes
Turn   | Place    | Note
-------+----------+-------------------------------------------
     0 | D:1      | hipposaver the Djinni Conjurer began the quest for the Orb.
     0 | D:1      | hipposaver set off with the following spells memorised:
                  | Magic Dart, Searing Ray, Fulminant Prism, Iskenderun's
                  | Mystic Blast.
     0 | D:1      | Reached XP level 1. HP: 15/15 MP: 0/0
   253 | D:1      | Reached XP level 2. HP: 21/22 MP: 0/0
   339 | D:1      | Reached skill level 1 in Fighting
   339 | D:1      | Reached XP level 3. HP: 13/27 MP: 0/0
   339 | D:1      | Learned a level 1 spell: Apportation
   496 | D:1      | Reached skill level 1 in Armour
  1302 | D:2      | Reached XP level 4. HP: 30/32 MP: 0/0
  1622 | D:2      | Found a faded altar of an unknown god.
  1704 | D:2      | Found Wiaheypn's Distillery.
  1924 | D:2      | Reached XP level 5. HP: 36/38 MP: 0/0
  1924 | D:2      | Learned a level 2 spell: Scorch
  2817 | D:3      | Reached XP level 6. HP: 27/45 MP: 0/0
  3205 | D:3      | Found a sacrificial altar of Ru.
  3847 | D:4      | Identified the +7 whip of the Neverending Youths {flame,
                  | Fly Stlth+}
  4172 | D:4      | You are sucked into a shaft and drop 1 floor!
  4172 | D:5      | Entered Level 5 of the Dungeon
  4177 | D:5      | Reached XP level 7. HP: 48/50 MP: 0/0
  4177 | D:5      | Learned a level 3 spell: Teleport Other
  4190 | D:5      | Noticed Pikel
  4222 | D:5      | Slain by a lemure

Illustrated notes

Levels and vault maps discovered:
D:1:      dpeg_arrival_leaves_temple_mockup, layout_basic
D:2:      layout_basic, dreamdust_ecumenical_altar_statues, serial_shops,
          nicolae_shop_industrial_runoff
D:3:      layout_basic, mainiacjoe_overflow_surrounded_room
D:4:      layout_loops_ring, vehumet_statue
D:5:      layout_basic, chequers_temple_overflow_statue_of_worship,
          grunt_decor_resistance, serial_library_hellmonk_secret_room,
          uniq_grinder, uniq_ijyb, uniq_pikel

Skill      XL: |  1  2  3  4  5  6 |
---------------+-------------------+-----
Fighting       | 1 2 3 |  3.5
Armour         | 1 2 3 |  3.4
Spellcasting   | 4 |  4.6
Conjurations   | 4 |  4.6
Hexes          | 4 |  4.6
Summonings     | 4 |  4.6
Necromancy     | 4 |  4.6
Translocations | 4 |  4.6
Fire Magic     | 4 |  4.6
Ice Magic      | 4 |  4.6
Air Magic      | 4 |  4.6
Earth Magic    | 4 |  4.6
Alchemy        | 4 |  4.6
Dodging        | |  2.3
Stealth        | |  1.5

Action                     |  1- 3 |  4- 6 |  7- 9 || total
---------------------------+-------+-------+-------++-------
  Melee: Whip              |       |       |     6 ||     6
   Cast: Magic Dart        |    29 |    13 |     1 ||    43
         Searing Ray       |    13 |    43 |       ||    56
    Use: Scroll            |     2 |     2 |     1 ||     5
         Potion            |       |       |     9 ||     9
 Armour: Robe              |     4 |    17 |    40 ||    61
  Dodge: Dodged            |     5 |    15 |    40 ||    60

Table legend: (Time is in decaauts)
 A = Elapsed time spent in this place.
 B = Non-inter-level travel time spent in this place.
 C = Inter-level travel time spent in this place.
 D = Time resting spent in this place.
 E = Time spent auto-exploring this place.
 F = Levels seen in this place.
 G = Mean time per level.
                   A        B        C        D        E       F      G
               +--------+--------+--------+--------+--------+-----+--------+
         Total |   4220 |   4111 |    109 |    334 |   3330 |   5 |  844.0 |
       Dungeon |   4220 |   4111 |    109 |    334 |   3330 |   5 |  844.0 |
               +--------+--------+--------+--------+--------+-----+--------+

Top non-repeatable levels by time:
     D:3: 1323 daAuts
     D:1: 1234 daAuts
     D:2: 1023 daAuts
     D:4: 589 daAuts
     D:5: 50 daAuts
